 Dungeon Crawl Stone Soup version 0.29-a0-43-g62a80824bf (webtiles) character file.

Game seed: 17543056645368261701

18699 siradein the Fighter (level 12, -12/113 HPs)
             Began as a Pale Draconian Berserker on Feb 3, 2022.
             Was a High Priest of Trog.
             Killed by refrigeration
             ... invoked by Fannar
              (24 damage)
             ... on level 1 of the Lair of Beasts.
             The game lasted 00:51:51 (14814 turns).

siradein the Fighter (Pale Draconian Berserker)    Turns: 14814, Time: 00:51:52

Health: -12/113    AC:  9    Str: 21    XL:     12   Next: 30%
Magic:  0/12       EV: 23    Int:  7    God:    Trog [*****.]
Gold:   853        SH:  0    Dex: 19    Spells: 11/11 levels left

rFire   . . .      SeeInvis .   r - +1 great mace (flame)
rCold   . . .      Faith    .   (shield currently unavailable)
rNeg    . . .      Spirit   +   (armour unavailable)
rPois   .          Reflect  .   G - +0 hat {Will+}
rElec   .          Harm     .   (no cloak)
rCorr   .          Rampage  .   (no gloves)
Will    +++..                   H - +0 pair of boots
Stlth   ++........              d - amulet of guardian spirit
HPRegen 1.28/turn               z - +6 ring of dexterity
MPRegen 0.13/turn               p - +4 ring of evasion

@: short of breath, strong-willed, on berserk cooldown, regenerating, slowed,
very slow
A: breathe steam, AC +8, unfitting armour, cold-blooded, steam resistance, fangs
1, clumsy 1, MP-powered wands
a: Breathe Steam, Renounce Religion, Berserk, Trog's Hand, Brothers in Arms


You were on level 1 of the Lair of Beasts.
You worshipped Trog.
Trog was extremely pleased with you.
You visited 2 branches of the dungeon, and saw 12 of its levels.
You also visited: Bailey.

You collected 920 gold pieces.
You spent 67 gold pieces at shops.

Inventory:

Hand Weapons
 b - the +4 long sword "Ycsetet" {protect, SInv Stlth+}
   (You found it on level 8 of the Dungeon)

   It grants its wielder temporary protection when it strikes (+7 to AC).
   SInv:      It lets you see invisible.
   Stlth:     It makes you more stealthy.
 r - a +1 great mace of flaming (weapon)
 I - the +11 arbalest "Sarcophage" {freeze, *Corrode rElec SInv}
   (You found it on level 11 of the Dungeon)

   Any ammunition fired from it freezes those it strikes, dealing additional
   cold damage.
   It can also slow down cold-blooded creatures.
   rElec:     It insulates you from electricity.
   SInv:      It lets you see invisible.
   *Corrode:  It may corrode you when you take damage.
Missiles
 m - 15 poisoned darts (quivered)
 q - 104 bolts
 y - 11 throwing nets
Armour
 G - a +0 hat of willpower (worn)
 H - a +0 pair of boots (worn)
Jewellery
 d - an amulet of guardian spirit (around neck)
 p - a +4 ring of evasion (right hand)
 w - a ring of magical power
 z - a +6 ring of dexterity (left hand)
Wands
 x - a wand of polymorph (12)
 A - a wand of mindburst (5)
 D - a wand of iceblast (7)
Scrolls
 f - a scroll of enchant weapon
 g - 5 scrolls of fear
 h - 2 scrolls of immolation
 i - 10 scrolls of teleportation
 j - 2 scrolls of blinking
 k - a scroll of amnesia {unknown}
 n - a scroll of enchant armour {unknown}
 o - a scroll of fog
 t - 2 scrolls of vulnerability {unknown}
Potions
 a - 3 potions of curing
 c - a potion of cancellation
 e - a potion of mutation
 l - 2 potions of heal wounds {unknown}
 u - 6 potions of ambrosia
 v - a potion of lignification
 C - a potion of brilliance
 E - a potion of degeneration {unknown}
 F - a potion of berserk rage {unknown}


   Skills:
 + Level 12.4 Fighting
 + Level 11.3 Maces & Flails
 + Level 2.6 Crossbows
 + Level 10.4 Dodging
 + Level 8.2 Evocations


You had 11 spell levels left.
You didn't know any spells.
Your spell library was empty.

Dungeon Overview and Level Annotations

Branches:
Dungeon (11/15)            Temple (0/1) D:7            Lair (1/6) D:8
    Orc (0/2) D:11         Bailey (visited)

Altars:
Cheibriados
Fedhas
Gozag
Kikubaaqudgha
Ru
Vehumet
Wu Jian
Xom

Shops:
D:1 !:?*   D:9 [   D:10 [

Annotations:
D:7 1 runed translucent door
D:10 1 runed translucent door, AuraOfTheDawn's ghost, novice PaFi
Lair:1 exclusion: 2 oklob plants, Fannar


Innate Abilities, Weirdness & Mutations

You can breathe blasts of scalding, opaque steam.
Your pale cyan-grey scales are hard. (AC +8)
You cannot fit into any form of body armour.
You are cold-blooded and may be slowed by cold attacks.
You are immune to the effects of steam.
You have very sharp teeth.
You are clumsy. (Dex -2)
You expend magic power (3 MP) to strengthen your wands.


Message History

Fannar is heavily wounded.
Fannar casts a spell at you. The bolt of cold hits you!!!
* * * LOW HITPOINT WARNING * * *
The ice beast barely misses you.
Fannar gestures wildly while chanting.
Fannar drains the heat from the surrounding environment!
* * * LOW HITPOINT WARNING * * *
You feel as though you will be slow longer.
You closely miss Fannar.
Your tail-slap misses Fannar.
Fannar is heavily wounded.
The ice beast closely misses you.
Fannar gestures wildly while chanting.
You bludgeon Fannar!! You burn Fannar!
Fannar is almost dead.
The ice beast hits you but does no damage.
Fannar casts a spell.
Fannar blinks!
You are no longer berserk.
You are exhausted.
You feel as though you will be slow longer.
Okay, then.
Your skin crawls.
You feel strong-willed. The ice beast misses you.
The ice beast completely misses you.
Aiming: Breathe Steam (1% risk of failure)
Press: ? - help, Shift-Dir - straight line, f/p - Fannar
Aim: Fannar, wielding a +0 quarterstaff of freezing, wearing a +1 robe of cold resistance and wearing a ring of ice (almost dead, spells empowered, 57% to hit)
You exhale a blast of scalding steam.
The ball of steam hits the ice beast!
The ice beast is moderately wounded.
The ice beast is engulfed in a cloud of scalding steam.
The ice beast hits you but does no damage.
The ice beast is engulfed in a cloud of scalding steam.
You kill the ice beast!
The ice beast disappears in a puff of smoke!
Fannar seems less brilliant.
Fannar is engulfed in a cloud of scalding steam.
Fannar gestures wildly while chanting.
Fannar drains the heat from the surrounding environment!
You die...

.....# #.#.....#
.>....##.......#
......#......#..
.....#....##...#. ##
#..§..........#.
#.###§....8.....#..
#.#.e#§........#...
#.#...#.8.e.8......
#.@Y.##............
#...#.....8....##..
#....#............##
#.......###.#...:...
##.............#....
#...8.#.........#..
P.....#...........#
...#.#.............
..................


You could see Fannar and an ice beast (summoned).

Vanquished Creatures
  Gastronok (D:9)
  Harold (D:8)
  A hydra (Lair:1)
  Erica (D:9)
  Erolcha (D:9)
  A two-headed ogre (D:8)
  A cyclops (D:11)
  A black mamba (Lair:1)
  Joseph (D:8)
  2 cane toads
  A kobold demonologist (D:11)
  Maggie (D:9)
  A komodo dragon (D:8)
  A queen bee (D:11)
  A troll (D:11)
  3 hornets
  Grum (D:9)
  28 yaks
  2 wyverns
  A wraith (D:9)
  A water elemental (D:11)
  A steam dragon (D:7)
  An acid dragon (D:10)
  A water moccasin (D:6)
  4 orc warriors
  An ice beast (D:8)
  An ogre (D:4)
  2 sky beasts
  2 necrophages
  5 centaurs
  The ghost of Cecur the Cutter, an amateur DsGl (D:3)
  8 wolves
  A phantom (D:5)
  2 kobold brigands (D:8)
  7 gnoll sergeants (Bailey)
  3 bullfrogs
  A wyvern zombie (D:8)
  A scorpion (D:7)
  A water moccasin zombie (D:6)
  21 killer bees
  3 howler monkeys
  2 electric eels (D:11)
  3 centaur zombies
  2 bullfrog zombies
  6 hounds
  8 gnoll shamans
  4 jellies
  6 orc priests
  A centaur skeleton (D:6)
  An iron imp (D:5)
  3 iguanas
  5 orc wizards
  A statue (D:7)
  A killer bee zombie (D:7)
  2 hound skeletons (D:4)
  Robin (D:4)
  27 gnolls
  5 adders
  2 ufetubi
  An adder skeleton (D:4)
  2 dart slugs
  19 orcs
  4 bats
  10 endoplasms
  A giant cockroach (D:1)
  19 goblins
  11 hobgoblins
  4 jackals (D:4)
  20 kobolds
  3 quokkas
  10 ball pythons
  3 frilled lizards (D:1)
  A quokka skeleton (D:4)
  9 rats
316 creatures vanquished.

Vanquished Creatures (others)
  A white imp (D:7)
  2 fungi
  10 plants
13 creatures vanquished.

Grand Total: 329 creatures vanquished

Notes
Turn   | Place    | Note
-------+----------+-------------------------------------------
     0 | D:1      | siradein the Draconian Berserker began the quest for the
                  | Orb.
     0 | D:1      | Reached XP level 1. HP: 19/19 MP: 1/1
   297 | D:1      | Found Kumpaed's Magic Scroll Shop.
   307 | D:1      | Reached XP level 2. HP: 26/26 MP: 2/2
   415 | D:1      | Found Meuki's Book Shoppe.
   520 | D:1      | Found Egi Meb's Distillery.
   659 | D:1      | Reached XP level 3. HP: 33/33 MP: 3/3
   768 | D:1      | Found Maeg's General Store.
  1127 | D:1      | Found a faded altar of an unknown god.
  1439 | D:2      | Reached ** piety under Trog
  1543 | D:2      | Reached skill level 4 in Fighting
  2188 | D:1      | Bought a scroll of identify for 28 gold pieces
  2216 | D:1      | Bought a potion of curing for 39 gold pieces
  2381 | D:3      | Reached XP level 4. HP: 40/40 MP: 4/4
  2541 | D:3      | Found an ornate altar of the Wu Jian Council.
  2713 | D:3      | Noticed Cecur's ghost (amateur DsGl)
  2716 | D:3      | Found a runed translucent door.
  3241 | D:4      | Reached XP level 5. HP: 42/47 MP: 3/5
  3251 | D:4      | Noticed an ogre
  3273 | D:4      | Killed an ogre
  3362 | D:4      | Reached skill level 5 in Fighting
  3391 | D:4      | Noticed Robin
  3433 | D:3      | Reached XP level 6. HP: 49/56 MP: 4/6
  3741 | D:4      | Killed Robin
  3741 | D:4      | Reached *** piety under Trog
  4451 | D:3      | Killed Cecur's ghost
  4452 | D:3      | Reached skill level 5 in Maces & Flails
  4626 | D:5      | Entered Level 5 of the Dungeon
  4652 | D:5      | Your scales start taking on a pale cyan-grey colour.
  4652 | D:5      | Reached XP level 7. HP: 43/62 MP: 4/7
  4652 | D:5      | Gained mutation: You are immune to the effects of steam.
                  | [Pale Draconian growth]
  4783 | D:5      | Reached skill level 6 in Fighting
  4925 | D:5      | Reached skill level 5 in Dodging
  5079 | D:5      | Found a snail-covered altar of Cheibriados.
  5217 | D:5      | Noticed a wyvern
  5227 | D:5      | Killed a wyvern
  5431 | D:5      | Noticed a yak
  5431 | D:5      | Noticed a yak
  5431 | D:5      | Noticed a yak
  5431 | D:5      | Noticed a yak
  5449 | D:5      | Killed a yak
  5450 | D:5      | Reached XP level 8. HP: 52/71 MP: 6/8
  5483 | D:5      | Reached skill level 7 in Fighting
  5688 | D:5      | Reached skill level 8 in Fighting
  5838 | D:5      | Found a sacrificial altar of Ru.
  6207 | D:6      | Reached XP level 9. HP: 58/81 MP: 9/9
  7191 | D:7      | Reached **** piety under Trog
  7368 | D:7      | Noticed a sixfirhy
  7369 | D:7      | Found a runed translucent door.
  7417 | D:7      | Found an opulent altar of Gozag.
  7573 | D:7      | Reached skill level 9 in Fighting
  7634 | D:7      | Found a radiant altar of Vehumet.
  7833 | D:7      | Found a staircase to the Ecumenical Temple.
  8221 | D:7      | Gained mutation: You are clumsy. (Dex -2) [potion of
                  | mutation]
  8221 | D:7      | Gained mutation: You expend magic power (3 MP) to
                  | strengthen your wands. [potion of mutation]
  8221 | D:7      | Gained mutation: You have very sharp teeth. [potion of
                  | mutation]
  8264 | D:8      | Noticed Harold
  8276 | D:8      | Killed Harold
  8277 | D:8      | Reached XP level 10. HP: 92/92 MP: 10/10
  8364 | D:8      | Found a shimmering altar of Xom.
  8377 | D:8      | Identified the +4 long sword "Ycsetet" {protect, SInv
                  | Stlth+}
  8473 | D:8      | Noticed a two-headed ogre
  8485 | D:8      | Killed a two-headed ogre
  8507 | D:8      | Found a staircase to the Lair.
  8576 | D:8      | Reached skill level 10 in Fighting
  8629 | D:8      | Noticed Joseph
  8654 | D:8      | Killed Joseph
  9380 | D:9      | Noticed Grum
  9458 | D:9      | Killed Grum
  9519 | D:9      | Noticed Erica
  9526 | D:9      | Killed Erica
  9531 | D:9      | Noticed Erolcha
  9548 | D:9      | Killed Erolcha
  9549 | D:9      | Reached skill level 5 in Evocations
  9628 | D:9      | Noticed Maggie
  9646 | D:9      | Reached XP level 11. HP: 78/101 MP: 11/11
  9656 | D:9      | Killed Maggie
  9657 | D:9      | Reached skill level 10 in Maces & Flails
  9830 | D:9      | Reached skill level 11 in Fighting
  9832 | D:9      | Found a flagged portal.
  9843 | Bailey   | Entered a bailey
 10193 | Bailey   | Reached ***** piety under Trog
 10359 | Bailey   | Identified the +8 halberd "Arcanum" {freeze, Int+4 SInv}
 10359 | Bailey   | Identified the +6 chain mail of Uclawn {Drain Str+4 SInv}
 10787 | D:9      | Found Xamuretu's Armour Boutique.
 11056 | D:9      | Noticed Gastronok
 11104 | D:9      | Killed Gastronok
 11309 | D:9      | Found an ancient bone altar of Kikubaaqudgha.
 11684 | D:10     | Entered Level 10 of the Dungeon
 11750 | D:10     | Found a blossoming altar of Fedhas.
 11815 | D:10     | Found a runed translucent door.
 11818 | D:10     | Noticed AuraOfTheDawn's ghost (novice PaFi)
 11972 | D:10     | Found Reunnize's Armour Shoppe.
 12130 | D:10     | Reached skill level 10 in Dodging
 12291 | D:10     | Identified the +8 spear "Ophuchye" {flame, Str+7}
 12507 | D:11     | Identified the +11 arbalest "Sarcophage" {freeze, *Corrode
                  | rElec SInv}
 13344 | D:11     | Reached skill level 12 in Fighting
 13358 | D:11     | Received a gift from Trog
 13427 | D:11     | Found a staircase to the Orcish Mines.
 13456 | D:11     | Reached skill level 1 in Crossbows
 13502 | D:11     | Reached XP level 12. HP: 112/112 MP: 12/12
 14149 | Lair:1   | Entered Level 1 of the Lair of Beasts
 14149 | Lair:1   | Noticed a four-headed hydra
 14153 | Lair:1   | Killed a four-headed hydra
 14796 | Lair:1   | Noticed Fannar
 14807 | Lair:1   | HP: 5/169 [Fannar/refrigeration (24)]
 14814 | Lair:1   | Killed from afar by Fannar

Illustrated notes

Levels and vault maps discovered:
D:1:      tarquinn_simple_flora_water_c, layout_rooms,
          shapermc_ecumenical_altar_mp_urbaneastern, serial_shops, shop,
          shop_fountains, nicolae_shop_behind_doors, shop, serial_bayou_ford_a
D:2:      layout_basic, due_unseen_surprise
D:3:      layout_basic, mainiacjoe_overflow_alcove_2, serial_curves,
          eino_curves_02, eino_curves_02, hellmonk_ghost_happy_afterlife
D:4:      layout_cave_pools, minmay_crossroads, uniq_robin
D:5:      layout_rooms, hangedman_ru_absence, chei_slow_surprise,
          eino_small_chamber_without_monster
D:6:      layout_basic, serial_bayou_crossing
D:7:      cheibrodos_shockbox, layout_basic, vehumet_statue,
          nicolae_gozag_cash_rules_everything_around_me, temple_statues,
          corexii_leaking_fountain, minmay_crystal_water
D:8:      layout_basic, mainiacjoe_overflow_concentric_impassable,
          lair_entry_dummy, serial_aquarium, aquarium_bridge_square
          [aquarium_subvault_bridge, aquarium_subvault_bridge,
          aquarium_subvault_window, aquarium_subvault_wall],
          aquarium_window_fake, aquarium_window_fake, aquarium_view_2c,
          aquarium_view_2c, aquarium_balcony_double_3, uniq_joseph, uniq_harold
D:9:      layout_irregular_city, kennysheep_mini, serial_shops, shop,
          enter_bailey_5, uniq_erica, uniq_erolcha, uniq_gastronok, uniq_maggie,
          uniq_grum
D:10:     layout_basic, fedhas_bush_and_centaur_altar, serial_shops,
          nicolae_shop_statue_plus, ebering_ghost_funeral_grove,
          small_statue_alley_a
D:11:     layout_basic, david_orc_3, chequers_serial_rivers_small_3, minivault_7
Lair:1:   layout_chaotic_city, st_stairs_10, disabler_island,
          grunt_megastairs_4, uniq_fannar

Skill      XL: |  1  2  3  4  5  6  7  8  9 10 11 12 |
---------------+-------------------------------------+-----
Dodging        | 3 4 5 6 8 9 10 | 10.4
Fighting       | 4 5 6 8 9 10 12 | 12.4
Maces & Flails | 4 5 6 7 8 9 11 | 11.3
Evocations     | 2 5 7 8 |  8.2
Crossbows      | 1 2 |  2.6

Action                   |  1- 3 |  4- 6 |  7- 9 | 10-12 || total
-------------------------+-------+-------+-------+-------++-------
Melee: Mace              |    21 |       |       |       ||    21
       Tailslap          |     8 |    18 |    19 |    42 ||    87
       Flail             |    95 |   166 |   135 |       ||   396
       Punch             |       |     1 |     4 |       ||     5
       Bite              |       |       |     1 |    34 ||    35
       Dire flail        |       |       |       |   218 ||   218
       Long sword        |       |       |       |     9 ||     9
       Halberd           |       |       |       |    13 ||    13
       Great mace        |       |       |       |    79 ||    79
 Fire: Hunting sling     |       |     3 |    66 |    12 ||    81
Throw: Dart              |       |       |     1 |    25 ||    26
Invok: Berserk           |     1 |     2 |     2 |     4 ||     9
       Trog's Hand       |       |       |       |     5 ||     5
 Abil: Breathe Steam     |       |       |    30 |    75 ||   105
  Use: Scroll            |     2 |     2 |     2 |     3 ||     9
       Potion            |       |       |     1 |       ||     1
 Stab: Sleeping          |     2 |     1 |       |     2 ||     5
       Distracted        |       |       |       |     1 ||     1
Armor: Skin              |    38 |    66 |    38 |    68 ||   210
Dodge: Dodged            |    77 |   140 |   116 |   393 ||   726

Table legend: (Time is in decaauts)
 A = Elapsed time spent in this place.
 B = Non-inter-level travel time spent in this place.
 C = Inter-level travel time spent in this place.
 D = Time resting spent in this place.
 E = Time spent auto-exploring this place.
 F = Levels seen in this place.
 G = Mean time per level.
                   A        B        C        D        E       F      G
               +--------+--------+--------+--------+--------+-----+--------+
         Total |  15018 |  13995 |   1023 |   1243 |   9917 |  13 | 1155.2 |
       Dungeon |  13697 |  12675 |   1022 |    841 |   9349 |  11 | 1245.2 |
          Lair |    406 |    406 |      0 |    281 |     42 |   1 |  406.0 |
        Bailey |    913 |    913 |      0 |    121 |    526 |   1 |  913.0 |
               +--------+--------+--------+--------+--------+-----+--------+

Top non-repeatable levels by time:
     D:8: 1568 daAuts
     D:5: 1517 daAuts
     D:9: 1457 daAuts
     D:1: 1353 daAuts
    D:11: 1299 daAuts
     D:4: 1292 daAuts
     D:3: 1197 daAuts
     D:7: 1151 daAuts
     D:6: 1145 daAuts
     D:2: 975 daAuts
  Bailey: 913 daAuts
    D:10: 740 daAuts
  Lair:1: 406 daAuts
